3AA
OTTAWA NATIONALS @ MINNESOTA LOONS
07/11/2041
 
TOP OF THE 1ST
Ottawa Nationals batting - Pitching for Minnesota Loons : RHP Mario Silva
Pitching: RHP Mario Silva
Batting: SHB Aristotle Auer 0-0: Foul Ball, location: 2F
0-1: Ball
1-1: Swinging Strike
1-2: Strikes out swinging
Batting: RHB Hulama Yani 0-0: Ball
1-0: Ball
2-0: Ground out 4-3 (Groundball, 4, EV 80.0 MPH)
Batting: LHB Ánibal Lima 0-0: Fly out, F7 (Flyball, 78M, EV 80.0 MPH)
Top of the 1st over - 0 runs, 0 hits, 0 errors, 0 left on base; Ottawa 0 - Minnesota 0
BOTTOM OF THE 1ST
Minnesota Loons batting - Pitching for Ottawa Nationals : LHP Manu Jortikka
Pitching: LHP Manu Jortikka
Batting: RHB Roy Bagnall 0-0: Called Strike
0-1: Fly out, F8 (Flyball, 78D, EV 101.2 MPH)
Batting: RHB Elroy Hartman 0-0: Called Strike
0-1: Ball
1-1: Foul Ball, location: 2F
1-2: Foul Ball, location: 2F
1-2: SINGLE (Line Drive, 9S, EV 98.8 MPH)
Batting: SHB Pavlushenka Galanov 0-0: Ball
1-0: Ball
2-0: Ball
3-0: Called Strike
3-1: Foul Ball, location: 2F
3-2: Foul Ball, location: 2F
3-2: Foul Ball, location: 2F
3-2: 2-RUN HOME RUN (Line Drive, 9LD, EV 97.5 MPH), Distance : 338 ft
Batting: RHB Tobias Valencia 0-0: Ball
1-0: Ball
2-0: Called Strike
2-1: Called Strike
2-2: SOLO HOME RUN (Flyball, 78XD, EV 88.8 MPH), Distance : 410 ft
Batting: RHB Ronald Hancock 0-0: Called Strike
0-1: Foul Ball, location: 2F
0-2: SOLO HOME RUN (Flyball, 7LD, EV 87.5 MPH), Distance : 331 ft
Batting: RHB Sergei Adjubei 0-0: Ball
1-0: Ball
2-0: Ball
3-0: Called Strike
3-1: Base on Balls
Batting: LHB Javier Caceres 0-0: Foul Ball, location: 2F
0-1: Fly out, F8 (Flyball, 8RD, EV 106.9 MPH)
Batting: LHB Júlio Souza 0-0: Swinging Strike
0-1: Ball
1-1: Ball
2-1: Foul Ball, location: 2F
2-2: Ball
3-2: Foul Ball, location: 2F
3-2: Fly out, F5 (Popup, 56S, EV 86.2 MPH)
Bottom of the 1st over - 4 runs, 4 hits, 0 errors, 1 left on base; Ottawa 0 - Minnesota 4
TOP OF THE 2ND
Ottawa Nationals batting - Pitching for Minnesota Loons : RHP Mario Silva
Batting: RHB Imbart Baars 0-0: Ball
1-0: SOLO HOME RUN (Flyball, 7D, EV 91.9 MPH), Distance : 352 ft
Batting: RHB Michael Collier 0-0: SINGLE (Groundball, 6MD, EV 99.4 MPH)
Batting: RHB Sallvador Rebola 0-0: Foul Ball, location: 2F
0-1: Ground out 1-3 (Groundball, P, EV 86.2 MPH)
Michael Collier to second
Batting: RHB Rob Shannon 0-0: Foul Ball, location: 2F
0-1: Ball
1-1: Foul Ball, location: 2F
1-2: Strikes out looking
Batting: RHB Nobuhiko Ohayashi 0-0: Ground out 4-3 (Groundball, 34, EV 108.1 MPH)
Top of the 2nd over - 1 run, 2 hits, 0 errors, 1 left on base; Ottawa 1 - Minnesota 4
BOTTOM OF THE 2ND
Minnesota Loons batting - Pitching for Ottawa Nationals : LHP Manu Jortikka
Batting: RHB José Garrastazu 0-0: Ball
1-0: Fly out, F7 (Flyball, 7LM, EV 95.0 MPH)
Batting: RHB Roy Bagnall 0-0: Called Strike
0-1: Ball
1-1: Ground out 1-3 (Groundball, 13, EV 87.5 MPH)
Batting: RHB Elroy Hartman 0-0: Ball
1-0: Ball
2-0: Ball
3-0: Base on Balls
Batting: SHB Pavlushenka Galanov 0-0: Ball
1-0: Swinging Strike
1-1: Called Strike
1-2: Ball
2-2: Foul Ball, location: 2F
2-2: Ball
3-2: Foul Ball, location: 2F
3-2: Strikes out swinging
Bottom of the 2nd over - 0 runs, 0 hits, 0 errors, 1 left on base; Ottawa 1 - Minnesota 4
TOP OF THE 3RD
Ottawa Nationals batting - Pitching for Minnesota Loons : RHP Mario Silva
Batting: RHB Barney Paul 0-0: Ground out U3 (Groundball, 34S, EV 72.5 MPH)
Batting: SHB Aristotle Auer 0-0: Foul Ball, location: 2F
0-1: Fly out, F9 (Flyball, 9, EV 79.4 MPH)
Batting: RHB Hulama Yani 0-0: Ball
1-0: Foul Ball, location: 2F
1-1: Ball
2-1: Foul Ball, location: 2F
2-2: Ground out 1-3 (Groundball, P, EV 58.1 MPH)
Top of the 3rd over - 0 runs, 0 hits, 0 errors, 0 left on base; Ottawa 1 - Minnesota 4
BOTTOM OF THE 3RD
Minnesota Loons batting - Pitching for Ottawa Nationals : LHP Manu Jortikka
Batting: RHB Tobias Valencia 0-0: Ball
1-0: SINGLE (Line Drive, 6D, EV 105.0 MPH)
Batting: RHB Ronald Hancock 0-0: Called Strike
0-1: Fly out, F6 (Popup, 56D, EV 46.9 MPH)
Batting: RHB Sergei Adjubei 0-0: Called Strike
0-1: Ball
1-1: Called Strike
1-2: Strikes out swinging
Batting: LHB Javier Caceres 0-0: SINGLE (Line Drive, 9S, EV 95.0 MPH)
Tobias Valencia to second
Runner from 2nd tries for 3rd, SAFE, no throw by RF
Batting: LHB Júlio Souza 0-0: Ball
1-0: Called Strike
1-1: Ball
2-1: Called Strike
2-2: Ball
3-2: Ground out 5-3 (Groundball, 5S, EV 87.5 MPH)
Bottom of the 3rd over - 0 runs, 2 hits, 0 errors, 2 left on base; Ottawa 1 - Minnesota 4
TOP OF THE 4TH
Ottawa Nationals batting - Pitching for Minnesota Loons : RHP Mario Silva
Batting: LHB Ánibal Lima 0-0: Ball
1-0: Ground out 4-3 (Groundball, 4MS, EV 82.5 MPH)
Batting: RHB Imbart Baars 0-0: Foul Ball, location: 2F
0-1: Fly out, F8 (Flyball, 8LM, EV 88.1 MPH)
Batting: RHB Michael Collier 0-0: Ball
1-0: Foul Ball, location: 2F
1-1: Ball
2-1: Foul Ball, location: 2F
2-2: Ball
3-2: Ground out 1-3 (Groundball, 13, EV 70.6 MPH)
Top of the 4th over - 0 runs, 0 hits, 0 errors, 0 left on base; Ottawa 1 - Minnesota 4
BOTTOM OF THE 4TH
Minnesota Loons batting - Pitching for Ottawa Nationals : LHP Manu Jortikka
Batting: RHB José Garrastazu 0-0: Foul Ball, location: 2F
0-1: Fly out, F7 (Flyball, 78M, EV 90.6 MPH)
Batting: RHB Roy Bagnall 0-0: Called Strike
0-1: Swinging Strike
0-2: Ball
1-2: Strikes out swinging
Batting: RHB Elroy Hartman 0-0: Called Strike
0-1: Fly out, F9 (Flyball, 89M, EV 85.6 MPH)
Bottom of the 4th over - 0 runs, 0 hits, 0 errors, 0 left on base; Ottawa 1 - Minnesota 4
TOP OF THE 5TH
Ottawa Nationals batting - Pitching for Minnesota Loons : RHP Mario Silva
Batting: RHB Sallvador Rebola 0-0: Foul Ball, location: 2F
0-1: Fly out, F4 (Flyball, 4D, EV 81.9 MPH)
Batting: RHB Rob Shannon 0-0: Foul Ball, location: 2F
0-1: Swinging Strike
0-2: Ball
1-2: Ball
2-2: Strikes out swinging
Batting: RHB Nobuhiko Ohayashi 0-0: Foul Ball, location: 2F
0-1: Ball
1-1: Ball
2-1: Swinging Strike
2-2: Fly out, F9 (Line Drive, 9, EV 96.9 MPH)
Top of the 5th over - 0 runs, 0 hits, 0 errors, 0 left on base; Ottawa 1 - Minnesota 4
BOTTOM OF THE 5TH
Minnesota Loons batting - Pitching for Ottawa Nationals : LHP Manu Jortikka
Batting: SHB Pavlushenka Galanov 0-0: Ball
1-0: Foul Ball, location: 2F
1-1: Foul Ball, location: 2F
1-2: Ball
2-2: SINGLE (Flyball, 78S, EV 95.0 MPH)
Batting: RHB Tobias Valencia 0-0: Ball
1-0: Called Strike
1-1: Ball
2-1: Fly out, F7 (Flyball, 7S, EV 90.6 MPH)
Batting: RHB Ronald Hancock 0-0: Ball
1-0: Ball
2-0: Ball
3-0: Called Strike
3-1: Foul Ball, location: 2F
3-2: 2-RUN HOME RUN (Flyball, 7D, EV 106.2 MPH), Distance : 366 ft
Pitching: LHP Jeff McBride
Batting: RHB Sergei Adjubei 0-0: Ball
1-0: Ball
2-0: Ball
3-0: Base on Balls
Batting: LHB Javier Caceres 0-0: Swinging Strike
0-1: Swinging Strike
0-2: Ball
1-2: Ball
2-2: Ball
3-2: Fly out, F7 (Line Drive, 7D, EV 94.4 MPH)
Batting: LHB Júlio Souza 0-0: Ball
1-0: Swinging Strike
1-1: Fly out, F9 (Flyball, 89M, EV 91.9 MPH)
Bottom of the 5th over - 2 runs, 2 hits, 0 errors, 1 left on base; Ottawa 1 - Minnesota 6
TOP OF THE 6TH
Ottawa Nationals batting - Pitching for Minnesota Loons : RHP Mario Silva
Batting: RHB Barney Paul 0-0: Foul Ball, location: 2F
0-1: Ball
1-1: Foul Ball, location: 2F
1-2: Foul Ball, location: 2F
1-2: Fly out, F7 (Flyball, 78S, EV 86.9 MPH)
Batting: SHB Aristotle Auer 0-0: Called Strike
0-1: Ball
1-1: Ball
2-1: Ball
3-1: Ground out U3 (Groundball, 34, EV 103.8 MPH)
Batting: RHB Hulama Yani 0-0: Foul Ball, location: 2F
0-1: SINGLE (Groundball, 56D, EV 102.5 MPH)
Batting: LHB Ánibal Lima 0-0: Ball
1-0: Foul Ball, location: 2F
1-1: Ball
2-1: Foul Ball, location: 2F
2-2: Foul Ball, location: 2F
2-2: Fly out, F5 (Popup, 5F, EV 76.9 MPH)
Top of the 6th over - 0 runs, 1 hit, 0 errors, 1 left on base; Ottawa 1 - Minnesota 6
BOTTOM OF THE 6TH
Minnesota Loons batting - Pitching for Ottawa Nationals : LHP Jeff McBride
Batting: RHB José Garrastazu 0-0: Ball
1-0: Called Strike
1-1: Foul Ball, location: 2F
1-2: Ground out 4-3 (Groundball, 4, EV 79.4 MPH)
Batting: RHB Roy Bagnall 0-0: Fly out, F8 (Line Drive, 8RM, EV 96.9 MPH)
Batting: RHB Elroy Hartman 0-0: Ball
1-0: Swinging Strike
1-1: Called Strike
1-2: Ball
2-2: Ground out 3-1 (Groundball, 34, EV 98.8 MPH)
Bottom of the 6th over - 0 runs, 0 hits, 0 errors, 0 left on base; Ottawa 1 - Minnesota 6
TOP OF THE 7TH
Ottawa Nationals batting - Pitching for Minnesota Loons : RHP Mario Silva
Batting: RHB Imbart Baars 0-0: SINGLE (Groundball, 6MD, EV 105.6 MPH)
Batting: RHB Michael Collier 0-0: Ball
1-0: Swinging Strike
1-1: Called Strike
1-2: Ball
2-2: Ball
3-2: Foul Ball, location: 2F
3-2: Strikes out looking
Batting: RHB Sallvador Rebola 0-0: SINGLE (Groundball, 56D, EV 106.2 MPH)
Imbart Baars to second
Batting: RHB Rob Shannon 0-0: Ball
1-0: Foul Ball, location: 2F
1-1: Foul Ball, location: 2F
1-2: Fielders Choice at 2nd, 5-4 (Groundball, 56, EV 86.2 MPH)
Imbart Baars to third
Batting: RHB Nobuhiko Ohayashi 0-0: Ball
1-0: Ball
Wild Pitch!
Imbart Baars scores
Rob Shannon to second
2-0: Called Strike
2-1: Fly out, F9 (Flyball, 9D, EV 108.1 MPH)
Top of the 7th over - 1 run, 2 hits, 0 errors, 1 left on base; Ottawa 2 - Minnesota 6
BOTTOM OF THE 7TH
Minnesota Loons batting - Pitching for Ottawa Nationals : LHP Jeff McBride
Batting: SHB Pavlushenka Galanov 0-0: Called Strike
0-1: Ball
1-1: Foul Ball, location: 2F
1-2: DOUBLE (Flyball, 89XD, EV 112.5 MPH)
Batting: RHB Tobias Valencia 0-0: Ball
1-0: Foul Ball, location: 2F
1-1: Ball
2-1: Foul Ball, location: 2F
2-2: Ball
3-2: Ground out 5-3 (Groundball, 5, EV 85.0 MPH)
Batting: RHB Ronald Hancock 0-0: Ball
1-0: Called Strike
1-1: Foul Ball, location: 2F
1-2: Foul Ball, location: 2F
1-2: Ball
2-2: Foul Ball, location: 2F
2-2: Ball
3-2: Base on Balls
Batting: RHB Sergei Adjubei 0-0: Swinging Strike
0-1: Foul Ball, location: 2F
0-2: Ball
1-2: SINGLE (Groundball, 56D, EV 106.2 MPH)
Pavlushenka Galanov to third
Ronald Hancock to second
Batting: LHB Javier Caceres 0-0: SINGLE (Groundball, 56S, EV 76.2 MPH) (infield hit)
Pavlushenka Galanov scores
Ronald Hancock to third
Sergei Adjubei to second
Batting: LHB Júlio Souza 0-0: Swinging Strike
0-1: Called Strike
0-2: Foul Ball, location: 2F
0-2: Fly out, F8 (Flyball, 8RS, EV 84.4 MPH)
Batting: RHB José Garrastazu 0-0: Ball
1-0: Fly out, F7 (Line Drive, 7LM, EV 98.1 MPH)
Bottom of the 7th over - 1 run, 3 hits, 0 errors, 3 left on base; Ottawa 2 - Minnesota 7
TOP OF THE 8TH
Ottawa Nationals batting - Pitching for Minnesota Loons : RHP Mario Silva
Batting: RHB Barney Paul 0-0: Ball
1-0: Ball
2-0: Ground out 5-3 (Groundball, 56, EV 89.4 MPH)
Batting: SHB Aristotle Auer 0-0: Foul Ball, location: 2F
0-1: Ball
1-1: Foul Ball, location: 2F
1-2: Ball
2-2: SINGLE (Line Drive, 4MD, EV 97.5 MPH)
Batting: RHB Hulama Yani 0-0: Called Strike
0-1: SINGLE (Line Drive, 8LS, EV 93.1 MPH)
Aristotle Auer to second
Runner from 2nd tries for 3rd, SAFE, throw by CF made to third
Batting: LHB Ánibal Lima 0-0: Fielders Choice at 2nd, 4-6 (Groundball, 34, EV 81.2 MPH)
Aristotle Auer scores
Batting: RHB Imbart Baars 0-0: Foul Ball, location: 2F
0-1: Fly out, F8 (Flyball, 8RXD, EV 101.9 MPH)
Top of the 8th over - 1 run, 2 hits, 0 errors, 1 left on base; Ottawa 3 - Minnesota 7
BOTTOM OF THE 8TH
Minnesota Loons batting - Pitching for Ottawa Nationals : LHP Jeff McBride
Batting: RHB Roy Bagnall 0-0: Called Strike
0-1: Ball
1-1: Ball
2-1: Foul Ball, location: 2F
2-2: SINGLE (Groundball, 34, EV 81.2 MPH) (infield hit)
Pitching: RHP Jack Farrell
Batting: RHB Elroy Hartman 0-0: Bunt - Flyout to 13! F1
Batting: SHB Pavlushenka Galanov 0-0: Ball
Roy Bagnall steals 2nd base
1-0: Fly out, F8 (Flyball, 89D, EV 89.4 MPH)
Runner from 2nd tags up, SAFE at 3rd, no throw by CF
Batting: RHB Tobias Valencia 0-0: Ball
1-0: Ball
2-0: Fly out, F7 (Flyball, 7S, EV 83.1 MPH)
Bottom of the 8th over - 0 runs, 1 hit, 0 errors, 1 left on base; Ottawa 3 - Minnesota 7
TOP OF THE 9TH
Ottawa Nationals batting - Pitching for Minnesota Loons : RHP Mario Silva
Batting: RHB Michael Collier 0-0: Called Strike
0-1: Ball
1-1: Ball
2-1: Fly out, F5 (Line Drive, 5, EV 70.0 MPH)
Pitching: RHP Fred Olsen
Batting: RHB Sallvador Rebola 0-0: Ball
1-0: Foul Ball, location: 2F
1-1: Ball
2-1: Fly out, F6 (Flyball, 4MD, EV 81.2 MPH)
Batting: RHB Rob Shannon 0-0: Called Strike
0-1: Ball
1-1: DOUBLE (Groundball, 5L, EV 101.9 MPH)
Batting: RHB Nobuhiko Ohayashi 0-0: Ball
1-0: Foul Ball, location: 2F
1-1: Foul Ball, location: 2F
1-2: Strikes out swinging
Top of the 9th over - 0 runs, 1 hit, 0 errors, 1 left on base; Ottawa 3 - Minnesota 7
Tuesday, January 5th, 2021 - OOTP Baseball 20.8 Build 74